 Dungeon Crawl Stone Soup version 0.26-a0-1222-g14533b3512 (webtiles) character file.

Game seed: 17765963177611711968

421 wythoutpain the Chopper (level 6, -2/56 HPs)
             Began as a Minotaur Berserker on Jan 1, 2021.
             Was a Believer of Trog.
             Slain by a gnoll
             ... wielding a +0 halberd
              (12 damage)
             ... on level 4 of the Dungeon.
             The game lasted 00:09:14 (2747 turns).

wythoutpain the Chopper (Minotaur Berserker)        Turns: 2747, Time: 00:09:15

Health: -2/56      AC:  7    Str: 23    XL:     6   Next: 62%
Magic:  5/5        EV: 13    Int:  4    God:    Trog [**....]
Gold:   174        SH:  0    Dex: 10    Spells: 5/5 levels left

rFire    . . .     SeeInvis .   p - -1 mace (curse)
rCold    . . .     Faith    .   (no shield)
rNeg     . . .     Spirit   .   e - +0 leather armour (curse)
rPois    .         Reflect  .   (helmet restricted)
rElec    .         Harm     .   t - +2 cloak
rCorr    +         Rampage  .   (no gloves)
Will     ++...                  h - +0 pair of boots
Stlth    ..........             (no amulet)
HPRegen  1.18/turn              g - ring of attention (curse)
MPRegen  0.09/turn              s - ring of resist corrosion

@: regenerating (expiring)
A: retaliatory headbutt, horns 2
a: Renounce Religion, Berserk, Trog's Hand


You were on level 4 of the Dungeon.
You worshipped Trog.
Trog was pleased with you.
You visited 1 branch of the dungeon, and saw 4 of its levels.

You collected 174 gold pieces.

Inventory:

Hand Weapons
 a - a +1 hand axe
 p - a cursed -1 mace (weapon)
Missiles
 d - a poisoned dart
 j - 5 curare-tipped darts
Armour
 e - a cursed +0 leather armour (worn)
 f - a cursed +1 leather armour
 h - a +0 pair of boots (worn)
 t - a +2 cloak (worn)
Jewellery
 g - a cursed ring of attention (left hand)
 s - a ring of resist corrosion (right hand)
Scrolls
 i - a scroll of enchant weapon
 l - a scroll of fear
Potions
 b - a potion of degeneration
 c - a potion of magic
 m - a potion of lignification
 n - 2 potions of curing {unknown}


   Skills:
 + Level 5.1 Fighting
 + Level 6.4(6.5) Axes
 + Level 1.0(4.1) Maces & Flails
 + Level 4.1 Armour
 + Level 3.8 Dodging
 + Level 0.2 Stealth


You had 5 spell levels left.
You didn't know any spells.
Your spell library was empty.

Dungeon Overview and Level Annotations

Branches:
Dungeon (4/15)
 Temple: D:4-7

Altars:


Innate Abilities, Weirdness & Mutations

You reflexively headbutt those who attack you in melee.
You have a pair of horns on your head.


Message History

The gnoll completely misses you.
The gnoll hits you from afar with a +0 halberd!
* * * LOW HITPOINT WARNING * * *
You hit the gnoll.
You kill the gnoll!
Trog accepts your kill. The gnoll hits you but does no damage.
Your base Maces & Flails skill increases to level 1!
The gnoll barely misses you. You furiously retaliate!
You headbutt the gnoll.
Things that are here:
a +0 flail; a +0 club; a gnoll corpse You barely miss the gnoll.
The gnoll is lightly wounded.
The gnoll barely misses you. You furiously retaliate!
You headbutt the gnoll! You closely miss the gnoll. You headbutt the gnoll.
You kill the gnoll!
Trog accepts your kill.
You feel the effects of Trog's Hand fading.
The gnoll hits you from afar with a +0 halberd!
You die...

..........>....#
#...#........#.#
#...#........#.#
#.............#
#............#
#.#........#.#
#.##..##..##.#
######.#)#?####
# #....g.@.#.#
#.......##.#
#.......# .#
#........ .#
#......#. .#
#...... ...#
#...... #.
#...... ..


You could see a gnoll.

Vanquished Creatures
  A phantom (D:3)
  A jelly (D:4)
  Jessica (D:2)
  Natasha (thrice) (D:2)
  3 worker ants
  3 gnolls (D:4)
  4 adders (D:3)
  An ooze (D:1)
  A worm (D:2)
  4 leopard geckos
  2 orcs (D:3)
  3 ball pythons (D:3)
  6 bats
  2 giant cockroaches
  7 goblins (D:1)
  4 hobgoblins
  6 jackals (D:1)
  A quokka (D:4)
  A ball python skeleton (D:4)
  9 kobolds
  4 rats
67 creatures vanquished.

Notes
Turn   | Place    | Note
-------+----------+-------------------------------------------
     0 | D:1      | wythoutpain the Minotaur Berserker began the quest for the
                  | Orb.
     0 | D:1      | Reached XP level 1. HP: 19/19 MP: 0/0
   193 | D:1      | Reached XP level 2. HP: 23/27 MP: 1/1
   300 | D:1      | Reached skill level 4 in Axes
   548 | D:1      | Reached XP level 3. HP: 33/33 MP: 2/2
   691 | D:1      | Reached ** piety under Trog
   989 | D:2      | Noticed Jessica
   993 | D:2      | Killed Jessica
   997 | D:2      | Reached XP level 4. HP: 38/41 MP: 3/3
  1268 | D:2      | Noticed Natasha
  1277 | D:2      | Killed Natasha
  1655 | D:2      | Noticed Natasha
  1663 | D:2      | Killed Natasha
  1664 | D:2      | Reached XP level 5. HP: 43/47 MP: 4/4
  1768 | D:2      | Noticed Natasha
  1775 | D:2      | Killed Natasha
  1776 | D:2      | Reached skill level 5 in Axes
  1803 | D:3      | Noticed a phantom
  2036 | D:3      | Killed a phantom
  2037 | D:3      | Reached XP level 6. HP: 55/55 MP: 5/5
  2138 | D:3      | Reached skill level 6 in Axes
  2591 | D:4      | Reached skill level 5 in Fighting
  2744 | D:4      | Reached skill level 1 in Maces & Flails
  2747 | D:4      | Slain by a gnoll

Illustrated notes

Levels and vault maps discovered:
D:1:      erik_arrival_blinker_ship, layout_loops_ring, kennysheep_pointless_box
D:2:      layout_loops_ring, uniq_natasha, uniq_jessica
D:3:      layout_basic
D:4:      layout_basic, st_stairs_5, kennysheep_slug_shrine

Skill      XL: |  1  2  3  4  5  6 |
---------------+-------------------+-----
Fighting       | 4 5 |  5.1
Axes           | 4 5 6 |  6.4
Armour         | 3 4 |  4.1
Dodging        | 3 |  3.8
Maces & Flails | 1 |  1.0
Stealth        | |  0.2

Action                   |  1- 3 |  4- 6 || total
-------------------------+-------+-------++-------
Melee: Hand axe          |    61 |    65 ||   126
       Headbutt          |     6 |    19 ||    25
       Mace              |       |    46 ||    46
Invok: Trog's Hand       |       |     1 ||     1
  Use: Scroll            |     3 |     6 ||     9
Armor: Leather armour    |    14 |    31 ||    45
Dodge: Dodged            |    47 |    80 ||   127

Table legend: (Time is in decaauts)
 A = Elapsed time spent in this place.
 B = Non-inter-level travel time spent in this place.
 C = Inter-level travel time spent in this place.
 D = Time resting spent in this place.
 E = Time spent auto-exploring this place.
 F = Levels seen in this place.
 G = Mean time per level.
                   A        B        C        D        E       F      G
               +--------+--------+--------+--------+--------+-----+--------+
         Total |   2765 |   2621 |    144 |    190 |   1990 |   4 |  691.2 |
       Dungeon |   2765 |   2621 |    144 |    190 |   1990 |   4 |  691.2 |
               +--------+--------+--------+--------+--------+-----+--------+

Top non-repeatable levels by time:
     D:2: 1056 daAuts
     D:1: 934 daAuts
     D:3: 598 daAuts
     D:4: 176 daAuts
